 Dungeon Crawl Stone Soup version 0.29.1-1-gd02db6906a (webtiles) character file.

Game seed: 8539008463960852861

18 Senryu the Stinger (level 2, -5/22 HPs)
             Began as a Naga Venom Mage on Oct 7, 2022.
             Slain by a hobgoblin (7 damage)
             ... led by Robin
             ... on level 2 of the Dungeon.
             The game lasted 00:02:32 (164 turns).

Senryu the Stinger (Naga Venom Mage)                 Turns: 164, Time: 00:02:33

Health: -5/22      AC:  1    Str: 10    XL:     2   Next: 66%
Magic:  4/5        EV:  9    Int: 15    God:
Gold:   20         SH:  0    Dex: 11    Spells: 4/5 levels left

rFire   . . .      SeeInvis +   (no weapon)
rCold   . . .      Faith    .   (no shield)
rNeg    . . .      Spirit   .   a - +0 robe
rPois   +          Reflect  .   (no helmet)
rElec   .          Harm     .   (no cloak)
rCorr   .          Rampage  .   (no gloves)
Will    .....                   (no barding)
Stlth   ++........              (no amulet)
HPRegen 0.07/turn               (no ring)
MPRegen 0.09/turn               (no ring)

@: very slow
A: AC +0, large, see invisible, deformed body, poison resistance, slowness 2,
spit poison 1, naga tail 1
a: Spit Poison


You were on level 2 of the Dungeon.
You visited 1 branch of the dungeon, and saw 2 of its levels.

You collected 20 gold pieces.

Inventory:

Armour
 a - a +0 robe (worn)
Scrolls
 d - a scroll of identify
 e - a scroll of magic mapping
Potions
 b - a potion of magic


   Skills:
 * Level 0.2 Armour
 * Level 1.6 Dodging
 * Level 3.1 Stealth
 * Level 2.1 Spellcasting
 * Level 1.1 Transmutations
 * Level 4.8 Poison Magic


You had 4 spell levels left.
You knew the following spells:

 Your Spells              Type           Power      Damage    Failure   Level
a - Sting                 Tmut/Pois      40%        1d5       6%          1

Your spell library contained the following spells:

 Spells                   Type           Power      Damage    Failure   Level
 Poisonous Vapours        Pois/Air       16%        N/A       12%         2
 Olgreb's Toxic Radiance  Pois           16%        N/A       30%         4
 Mephitic Cloud           Conj/Pois/Air  6%         N/A       34%         3


Dungeon Overview and Level Annotations

Branches:
Dungeon (2/15)

Altars:

Annotations:
D:2 Robin


Innate Abilities, Weirdness & Mutations

Your serpentine skin is tough. (AC +0)
You have supernaturally acute eyesight. (SInv)
Armour fits poorly on your strangely shaped body.
Your system is resistant to poisons. (rPois)
You cover ground very slowly.
You can spit poison.
You have a snake-like lower body.


Message History

The hobgoblin is moderately wounded.
The hobgoblin hits you. The goblin hits you with a +0 dagger.
The goblin attacks as you move away! The goblin hits you with a +0 dagger.
* * * LOW HITPOINT WARNING * * *
You have got your breath back.
Robin roars a battlecry!
The goblins go into a battle-frenzy!
The adder barely misses you.
You hear a shout! x2
The adder attacks as you move away! The adder bites you.
* * * LOW HITPOINT WARNING * * *
The adder closely misses you.
The hobgoblin looks more healthy.
The adder barely misses you.
Okay, then.
Okay, then.
Okay, then.
Unknown command.
Aiming: Spit Poison (2% risk of failure)
Press: ? - help, Shift-Dir - straight line, f/p - hobgoblin
Aim: a hobgoblin (heavily wounded, strong, 59% to hit)
The splash of poison hits the adder.
The adder is poisoned.
The adder is severely wounded.
The adder closely misses you. The adder bites you.
* * * LOW HITPOINT WARNING * * *
The adder closely misses you. The adder attacks as you move away!
The adder barely misses you.
You kill the adder!
A goblin comes into view. It is wielding a +0 club. x2
A goblin comes into view. It is wielding a +0 dagger.
You have got your breath back.
A goblin comes into view. It is wielding a +0 club.
The goblin moves out of view.
The hobgoblin no longer looks unusually strong.
The goblin no longer looks unusually strong.
A goblin comes into view. It is wielding a +0 dagger.
A goblin comes into view. It is wielding a +0 dagger.
The goblin hits you with a +0 club.
* * * LOW HITPOINT WARNING * * *
The hobgoblin hits you!
You die...

### ## ## # # ####.# .#
########.##.
####.####....##.##....$........
#.......g.gg.g@................
###.##.####.g.................
#. #.# #....##.#.##..#.#.#.
#.##g####....# #.##.#......#
......#.#.#.


You could see 2 hobgoblins and 7 goblins.

Vanquished Creatures
  An adder (D:2)
  A bat (D:1)
  A giant cockroach (D:1)
  3 hobgoblins
  A jackal (D:2)
  A rat (D:1)
8 creatures vanquished.

Notes
Turn   | Place    | Note
-------+----------+-------------------------------------------
     0 | D:1      | Senryu the Naga Venom Mage began the quest for the Orb.
     0 | D:1      | Reached XP level 1. HP: 15/15 MP: 3/3
   125 | D:1      | Reached XP level 2. HP: 16/22 MP: 5/5
   151 | D:2      | Noticed Robin
   164 | D:2      | Slain by a hobgoblin

Illustrated notes

Levels and vault maps discovered:
D:1:      psy_arrival_fountain, layout_loops_ring, shapermc_ecumenical_altar_gd
D:2:      layout_basic, st_stairs_9, nrook_loot_triangle, uniq_robin,
          uniq_natasha

Action                   || total
-------------------------++-------
 Cast: Sting             ||     6
 Abil: Spit Poison       ||     9
  Use: Scroll            ||     2
       Potion            ||     1
Armor: Robe              ||     2
Dodge: Dodged            ||    13
